 Dungeon Crawl Stone Soup version 0.17.0-28-g6e173f8 (console) character file.

51 gw the Skirmisher (level 3, -1/29 HPs)
             Began as a Demonspawn Fighter on Nov 22, 2015.
             Was an Initiate of Makhleb.
             Slain by a gnoll
             ... wielding a +0 whip
              (3 damage)
             ... on level 2 of the Dungeon.
             The game lasted 00:00:51 (872 turns).

gw the Skirmisher (Demonspawn Fighter)               Turns: 872, Time: 00:00:51

Health: -1/29      AC: 14    Str: 16    XL:     3   Next: 57%
Magic:  3/3        EV:  2    Int:  9    God:    Makhleb [......]
Gold:   65         SH:  9    Dex: 13    Spells: 0 memorised, 2 levels left

rFire  . . .     SeeInvis .     a - +0 flail
rCold  . . .     Clarity  .     k - +0 plate armour
rNeg   . . .     SustAt   .     c - +0 shield
rPois  .         Gourm    .     (helmet restricted)
rElec  .         Spirit   .     (no cloak)
rCorr  .         Warding  .     h - +2 pair of gloves
rMut   .         Stasis   .     (no boots)
MR     .....                    (no amulet)
Stlth  ..........               (no ring)
                                (no ring)

@: not resistant to hostile enchantments, extremely unstealthy
A: horns 1
a: Renounce Religion


You were on level 2 of the Dungeon.
You worshipped Makhleb.
Makhleb was noncommittal.
You were not hungry.

You visited 1 branch of the dungeon, and saw 2 of its levels.

You collected 65 gold pieces.

Inventory:

Hand Weapons
 a - a +0 flail (weapon)
Missiles
 g - 15 stones (quivered)
 j - 12 poisoned needles
Armour
 c - a +0 shield (worn)
 h - a +2 pair of gloves (worn)
 k - a +0 plate armour (worn)
Scrolls
 d - a scroll of fear {unknown}
 f - 2 scrolls of identify {unknown}
Potions
 i - a potion of lignification {unknown}
Comestibles
 e - a bread ration


   Skills:
 + Level 3.4 Fighting
 * Level 2.5 Maces & Flails
 + Level 1.0 Throwing
 + Level 2.7 Armour
 + Level 3.0 Shields
 + Level 0.3 Invocations


You had 2 spell levels left.
You didn't know any spells.

Dungeon Overview and Level Annotations

Branches:
Dungeon (2/15)

Altars:
Dithmenos
Gozag
Makhleb
Nemelex Xobeh


Innate Abilities, Weirdness & Mutations

You have a pair of small horns on your head.


Message History

Your shield and plate armour prevent you from hitting the gnoll.
The bat completely misses you. The gnoll hits you but does no damage.
The gnoll hits you but does no damage.
The gnoll hits you from afar with a spear.
ATTACK MOVE TO (1,-1)
You hit the gnoll but do no damage. You block the kobold's attack.
The gnoll hits you but does no damage. The gnoll hits you with a whip.
The gnoll hits you but does no damage. The kobold hits you but does no damage.
ATTACK MOVE TO (1,-1)
You thump the gnoll!
The gnoll is heavily wounded.
The gnoll hits you with a whip. You block the gnoll's attack.
The gnoll hits you but does no damage. The kobold hits you but does no damage.
The gnoll hits you with a whip. x2
The gnoll hits you but does no damage.
ATTACK MOVE TO (1,-1)
You hit the gnoll.
The gnoll is severely wounded.
The kobold barely misses you. The gnoll hits you with a whip.
You die...

...###...((.....
........########
. .#.###..# .# .
##.# #..########
###.#.#
##.###.........#
.......
#......######.#
....... ######.#
#.# b...... #.#
#.##gg...[. #.#
#..6gg..... #.#
####K...... ..#
b...... ###
#######


You could see 4 gnolls, 2 bats and a kobold.

Table legend:
 A = Turns spent in this place as a percentage of turns spent in the entire game.
 B = Non-inter-level travel turns spent in this place as a percentage of non-inter-level travel turns spent in the entire game.
 C = Inter-level travel turns spent in this place as a percentage of turns spent in this place.
 D = Turns resting spent in this place as a percentage of non-inter-level travel turns spent in this place.
 E = Turns spent auto-exploring this place as a percentage of non-inter-level travel turns spent in this place.
 F = Non-inter-level travel turns spent in this place divided by the number of levels of this place that you've seen.
                   A       B       C       D       E      F
               +-------+-------+-------+-------+-------+----------------------
         Total | 100.0 | 100.0 |   0.0 |   0.7 |   2.2 | 824.0
       Dungeon | 100.0 | 100.0 |   0.0 |   0.7 |   2.2 | 824.0
               +-------+-------+-------+-------+-------+----------------------

Table legend:
 A = Kills in this place as a percentage of kills in entire the game.
 B = Kills by you in this place as a percentage of kills by you in the entire game.
 C = Kills by friends in this place as a percentage of kills by friends in the entire game.
 D = Other kills in this place as a percentage of other kills in the entire game.
 E = Experience gained in this place as a percentage of experience gained in the entire game.
 F = Experience gained in this place divided by the number of levels of this place that you have seen.
                   A       B       C       D       E      F
               +-------+-------+-------+-------+-------+----------------------
         Total | 100.0 | 100.0 |  -nan |  -nan | 100.0 |  36.5
       Dungeon | 100.0 | 100.0 |  -nan |  -nan | 100.0 |  36.5
               +-------+-------+-------+-------+-------+----------------------

Vanquished Creatures
  3 adders (D:2)
  A worm (D:2)
  3 giant geckos (D:2)
  2 bats
  3 goblins (D:2)
  3 hobgoblins
  3 giant newts (D:2)
  2 kobolds (D:2)
  A rat (D:2)
21 creatures vanquished.

Notes
Turn   | Place    | Note
--------------------------------------------------------------
     0 | D:1      | gw the Demonspawn Fighter began the quest for the Orb.
     0 | D:1      | Reached XP level 1. HP: 18/18 MP: 1/1
   269 | D:1      | You fall through a shaft!
   282 | D:2      | Gained mutation: You have a pair of small horns on your head. [demonic ancestry]
   282 | D:2      | Reached XP level 2. HP: 21/24 MP: 2/2
   383 | D:2      | Reached skill level 1 in Throwing
   474 | D:2      | Found a burning altar of Makhleb.
   474 | D:2      | Found an opulent altar of Gozag.
   479 | D:2      | Became a worshipper of Makhleb the Destroyer
   515 | D:2      | Reached XP level 3. HP: 29/29 MP: 3/3
   760 | D:2      | Found a sparkling altar of Nemelex Xobeh.
   823 | D:2      | Found a shadowy altar of Dithmenos.
   872 | D:2      | Slain by a gnoll

Action                   || total
-------------------------++-------
Melee: Flail             ||    68
Throw: Stone             ||    49
  Use: Potion            ||     1

Vault maps used:
D:1:      ncdulo_smallfort
D:2:      okawaru_altar_gauntlet_db, minitemple,
          nemelex_xobeh_ov_fountains_minmay, gammafunk_temple_overflow_statue,
          st_stairs_6, nicolae_dithmenos_through_a_glass_darkly
